 Dungeon Crawl Stone Soup version 0.28.0-56-g4927b6849a (webtiles) character file.

Game seed: 10844975837689524876

339 Atelerd the Digger (level 6, 0/36 HPs)
             Began as an Octopode Earth Elementalist on Jan 26, 2023.
             Slain by an ogre
             ... wielding a +0 giant club
              (20 damage)
             ... on level 5 of the Dungeon.
             The game lasted 00:03:31 (2758 turns).

Atelerd the Digger (Octopode Earth Elementalist)    Turns: 2758, Time: 00:03:31

Health: 0/36       AC:  1    Str: 14    XL:     6   Next: 55%
Magic:  11/12      EV: 13    Int: 19    God:
Gold:   129        SH:  5    Dex: 12    Spells: 8/13 levels left

rFire   + . .      SeeInvis .   c - +0 short sword
rCold   . . .      Faith    .   (no shield)
rNeg    . . .      Spirit   .   (helmet restricted)
rPois   .          Reflect  +   l - amulet of reflection
rElec   .          Harm     .   h - +6 ring of strength
rCorr   .          Rampage  .   k - ring of protection from fire
Will    .....                   (no ring)
Stlth   +++.......              (no ring)
HPRegen 0.12/turn               (no ring)
MPRegen 0.13/turn               (no ring)
                                (no ring)
                                (no ring)

@: studying Axes
A: almost no armour, amphibious, 8 rings, camouflage 1, gelatinous body 1,
(nimble swimmer 1), tentacles
a: no special abilities


You were on level 5 of the Dungeon.
You visited 1 branch of the dungeon, and saw 4 of its levels.

You collected 129 gold pieces.

Inventory:

Hand Weapons
 c - a +0 short sword (weapon)
Missiles
 b - 52 stones
Jewellery
 h - a +6 ring of strength (left tentacle)
 k - a ring of protection from fire (right tentacle)
 l - an amulet of reflection (around mantle)
Scrolls
 a - a scroll of enchant armour {unknown}
 f - a scroll of torment {unknown}
 g - a scroll of teleportation
 n - a scroll of acquirement {unknown}
 o - a scroll of amnesia
 p - a scroll of enchant weapon {unknown}
Potions
 e - a potion of lignification {unknown}
 i - a potion of cancellation {unknown}
 j - a potion of heal wounds {unknown}
 m - a potion of curing
 q - a potion of degeneration {unknown}


   Skills:
 - Level 0.1 Short Blades
 - Level 2.0 Dodging
 - Level 4.2 Stealth
 + Level 4.1 Spellcasting
 * Level 2.5 Transmutations
 + Level 4.7 Earth Magic


You had 8 spell levels left.
You knew the following spells:

 Your Spells              Type           Power      Damage    Failure   Level
a - Sandblast             Erth           42%        2d11      1%          1
p - Petrify               Tmut/Erth      17%        N/A       30%         4

Your spell library contained the following spells:

 Spells                   Type           Power      Damage    Failure   Level
 Passwall                 Tmut/Erth      14%        N/A       4%          2
 Stone Arrow              Conj/Erth      24%        3d8       16%         3
 Sublimation of Blood     Necr           3%         N/A       21%         2
 Inner Flame              Hex/Fire       3%         N/A       38%         3
 Cause Fear               Hex            1%         N/A       80%         4
 Irradiate                Conj/Tmut      4%         3d15      92%         5
 Discord                  Hex            1%         N/A       100%        8


Dungeon Overview and Level Annotations

Branches:
Dungeon (5/15)
 Temple: D:4-7

Altars:
Fedhas

Annotations:
D:3 1 transporter


Innate Abilities, Weirdness & Mutations

You cannot wear most types of armour.
You are amphibious.
You can wear up to eight rings at the same time.
Your skin changes colour to match your surroundings (Stealth+).
Your rubbery body absorbs attacks. (AC +1, EV +1)
((You are camouflaged when in or above water. (Stealth+)))
You have tentacles for arms and can constrict up to eight enemies at once.


Message History

The centaur zombie closely misses you. You block the centaur zombie's attack.
The centaur zombie closely misses you.
You hit the centaur zombie but do no damage.
You squeeze the centaur zombie.
The centaur zombie is almost destroyed.
The centaur zombie hits you. The centaur zombie kicks you.
You hit the centaur zombie.
You destroy the centaur zombie!
Your magical contamination has completely faded away.
You pick up a book of Hexes and begin reading...
You add the spells Inner Flame, Cause Fear and Discord to your library.
Found a leather armour.
Found an escape hatch in the floor.
There is a stone staircase leading up here.
Found 5 gold pieces.
You hear the rusting of a distant drain.
You now have 129 gold pieces (gained 5).
Okay, then.
As you read the scroll labelled EDESHE ZOAR, it crumbles to dust.
It is a scroll of identify.
o - a scroll of amnesia
As you read the scroll of identify, it crumbles to dust.
g - a scroll of teleportation A howler monkey zombie comes into view.
Found a long sword.
You hear the brisk rusting of a very distant drain.
An ogre comes into view. It is wielding a +0 giant club.
Found a pair of gloves.
The helpless ogre fails to defend itself.
You hit the ogre. You squeeze the ogre!
The ogre is severely wounded.
The ogre hits you with a +0 giant club!
Casting: Sandblast (safe; 1% risk of failure)
Confirm with . or Enter, or press ? or * to list all spells.
Aiming: Sandblast (safe; 1% risk of failure)
Press: ? - help, Shift-Dir - straight line, f - ogre
Aim: an ogre, wielding a +0 giant club (severely wounded, 91% to hit)
The blast of sand misses the ogre.
The ogre hits you with a +0 giant club!!
Ouch! That really hurt!
You die...

#####................
#..##.#..............
#.....#..............
#...#.####.........#.
###.#.###
##.......##. #...#..#
....... .. #......#
... ...
##....####..##
##...@O.....#
#...##..[... #....#
.##.. #....### .#
#..... .# ##.#.. #
###..


You could see an ogre.

Vanquished Creatures
  An ogre (D:5)
  A scorpion (D:3)
  A centaur zombie (D:5)
  A jelly (D:5)
  An iguana (D:5)
  6 adders
  A white imp (D:5)
  2 dart slugs
  4 orcs (D:3)
  A ball python (D:1)
  3 bats
  6 endoplasms
  4 goblins
  2 hobgoblins
  4 jackals (D:2)
  2 frilled lizards (D:1)
  5 kobolds
  6 rats
51 creatures vanquished.

Notes
Turn   | Place    | Note
-------+----------+-------------------------------------------
     0 | D:1      | Atelerd the Octopode Earth Elementalist began the quest for
                  | the Orb.
     0 | D:1      | Reached XP level 1. HP: 11/11 MP: 3/3
    28 | D:1      | Found a faded altar of an unknown god.
   204 | D:1      | Reached XP level 2. HP: 14/17 MP: 3/5
  1289 | D:2      | Reached XP level 3. HP: 21/21 MP: 4/6
  1709 | D:2      | Found a blossoming altar of Fedhas.
  1718 | D:2      | Reached XP level 4. HP: 22/27 MP: 6/8
  2009 | D:3      | Noticed a scorpion
  2013 | D:3      | Killed a scorpion
  2014 | D:3      | Reached XP level 5. HP: 18/31 MP: 7/10
  2172 | D:3      | Found a transporter.
  2476 | D:3      | You fall into a shaft and drop 2 floors!
  2476 | D:5      | Entered Level 5 of the Dungeon
  2503 | D:5      | Noticed an ogre
  2548 | D:5      | Learned a level 4 spell: Petrify
  2647 | D:5      | Killed an ogre
  2648 | D:5      | Reached XP level 6. HP: 23/36 MP: 3/12
  2758 | D:5      | Slain by an ogre

Illustrated notes

Levels and vault maps discovered:
D:1:      heliophobic_arrival_ceremonial_halls, layout_basic,
          ebering_ecumenical_altar_webs
D:2:      layout_rooms, basic_altar, minmay_cut_off
D:3:      layout_basic, gammafunk_ghost_arena, nicolae_underground_beach
D:5:      layout_cave_pools, gup_sewer_entry_spiral, minmay_diced_spiral,
          uniq_sigmund

Skill      XL: |  1  2  3  4  5 |
---------------+----------------+-----
Stealth        | 3 4 |  4.2
Spellcasting   | 3 4 |  4.1
Earth Magic    | 4 |  4.7
Transmutations | 2 |  2.5
Short Blades   | |  0.1
Dodging        | |  2.0

Action                   |  1- 3 |  4- 6 || total
-------------------------+-------+-------++-------
Melee: Unarmed           |     7 |       ||     7
       Constrict         |     8 |     3 ||    11
       Tentacles         |     6 |     8 ||    14
       Punch             |     2 |     1 ||     3
       Short sword       |    11 |    21 ||    32
 Cast: Sandblast         |    33 |    31 ||    64
       Petrify           |       |     1 ||     1
  Use: Scroll            |       |     2 ||     2
       Potion            |       |     1 ||     1
 Stab: Sleeping          |     1 |     3 ||     4
       Petrified         |       |     7 ||     7
Armor: Skin              |     2 |     5 ||     7
Dodge: Dodged            |    17 |    25 ||    42
Block: Other             |       |    10 ||    10
